 Dungeon Sprint DCSS version 0.26-a0-757-g626ac9e51a (webtiles) character file.

Game seed: 5166878975085638275

14 rocky1 the Chiller (level 2, -3/22 HPs)
             Began as a Deep Elf Ice Elementalist on Nov 8, 2020.
             Was a Follower of Sif Muna.
             Slain by Duvessa
             ... wielding a +0 short sword of protection
              (7 damage)
             ... in the Dungeon (Sprint VII: "The Pits").
             The game lasted 00:02:12 (533 turns).

rocky1 the Chiller (Deep Elf Ice Elementalist)       Turns: 533, Time: 00:02:13

Health: -3/22      AC:  2    Str:  5    XL:     2   Next: 31%
Magic:  9/9        EV: 14    Int: 19    God:    Sif Muna [*.....]
Gold:   0          SH:  0    Dex: 15    Spells: 8/9 levels left

rFire    . . .     SeeInvis .   l - +2 quarterstaff
rCold    . . .     Faith    .   (shield currently unavailable)
rNeg     . . .     Spirit   .   a - +0 robe
rPois    .         Reflect  .   (no helmet)
rElec    .         Harm     .   (no cloak)
rCorr    .         Rampage  .   (no gloves)
MR       .....     NoTele   +   (no boots)
Stlth    ..........             (no amulet)
HPRegen  0.07/turn              (no ring)
MPRegen  0.11/turn              (no ring)

@: berserking (expiring), very slightly contaminated, invisible, very quick
A: no striking features
a: Channel Magic, Renounce Religion


You were in the Dungeon.
You worshipped Sif Muna.
Sif Muna was aware of your devotion.
You visited 1 branch

Inventory:

Hand Weapons
 l - a +2 quarterstaff (weapon)
Armour
 a - a +0 robe (worn)
Scrolls
 h - a scroll of blinking
 i - 3 scrolls of remove curse
 j - 5 scrolls of amnesia
 k - a scroll of summoning
Potions
 b - a potion of invisibility
 c - a potion of curing
 e - a potion of haste
 f - 4 potions of magic
 g - a potion of berserk rage


   Skills:
 + Level 3.7 Dodging
 - Level 2.4 Stealth
 + Level 4.3 Spellcasting
 * Level 5.8 Ice Magic


You had 8 spell levels left.
You knew the following spells:

 Your Spells              Type           Power        Failure   Level
a - Freeze                Ice            ####         1%          1

Your spell library contained the following spells:

 Spells                   Type           Power        Failure   Level
 Frozen Ramparts          Ice            ####..       3%          3
 Ozocubu's Armour         Ice            ####....     3%          3
 Hailstorm                Conj/Ice       ###.....     38%         4
 Summon Ice Beast         Ice/Summ       ###.....     38%         4


Dungeon Overview and Level Annotations

Branches:
Dungeon (1/1)

Altars:
Ashenzari
Cheibriados
Dithmenos
Elyvilon
Fedhas
Gozag
Hepliaklqana
Kikubaaqudgha
Makhleb
Nemelex Xobeh
Okawaru
Qazlal
Ru
Sif Muna
Trog
Uskayaw
Vehumet
Wu Jian
Xom
Yredelemnul
Zin
The Shining One
Beogh
Jiyva
Lugonu

Annotations:
D Dowan, Duvessa


Message History

Duvessa closely misses you.
You barely miss Duvessa.
Duvessa is lightly wounded.
You hit Duvessa.
Duvessa is lightly wounded.
Duvessa barely misses you.
Dowan gestures at Duvessa while chanting.
The puff of flame misses the adder.
The puff of flame hits Duvessa.
You strike the helpless Duvessa from behind!
You hit Duvessa but do no damage.
Duvessa is lightly wounded.
Duvessa completely misses you.
You thump Duvessa!
Duvessa is moderately wounded.
Duvessa closely misses you.
You catch the helpless Duvessa completely off-guard!
You hit Duvessa.
Duvessa is heavily wounded.
Duvessa hits you with a +0 short sword of protection!
You die...

##########'##...........
#.?(.')))'.##......#..#.
##########.##...........
#.........).'...........
#+#####'#####......#..#.
#...รท.##...........
#####'#####'#####++
#.....##.......#
#..@..##.......#
###e####.......#
#.SK..##...<...#
..Z...Ze##.......#
#........##.......#
###########.......#
#########


You could see Duvessa, Dowan, an adder, a kobold and a quokka skeleton.

Vanquished Creatures
  An ufetubus (D)
  An adder skeleton (D)
  A leopard gecko (D)
  An orc (D)
  A giant cockroach (D)
5 creatures vanquished.

Notes
Turn   | Place    | Note
-------+----------+-------------------------------------------
     0 | D        | rocky1 the Deep Elf Ice Elementalist began the quest for
                  | the Orb.
     0 | D        | Reached XP level 1. HP: 10/10 MP: 6/6
    44 | D        | Found a bloodstained altar of Trog.
    44 | D        | Found a shimmering blue altar of Sif Muna.
    44 | D        | Found a viscous altar of Jiyva.
    44 | D        | Found a hazy altar of Hepliaklqana.
    44 | D        | Found an opulent altar of Gozag.
    45 | D        | Found a glowing golden altar of the Shining One.
    45 | D        | Found a glowing silver altar of Zin.
    45 | D        | Found a basalt altar of Yredelemnul.
    45 | D        | Found a shimmering altar of Xom.
    45 | D        | Found an ornate altar of the Wu Jian Council.
    45 | D        | Found a sacrificial altar of Ru.
    45 | D        | Found a stormy altar of Qazlal.
    45 | D        | Found an iron altar of Okawaru.
    45 | D        | Found a sparkling altar of Nemelex Xobeh.
    45 | D        | Found a burning altar of Makhleb.
    45 | D        | Found a blossoming altar of Fedhas.
    45 | D        | Found a white marble altar of Elyvilon.
    45 | D        | Found a shadowy altar of Dithmenos.
    45 | D        | Found a snail-covered altar of Cheibriados.
    47 | D        | Found a radiant altar of Vehumet.
    47 | D        | Found a corrupted altar of Lugonu.
    47 | D        | Found a roughly hewn altar of Beogh.
    48 | D        | Found a hide-covered altar of Uskayaw.
    48 | D        | Found an ancient bone altar of Kikubaaqudgha.
    48 | D        | Found a broken altar of Ashenzari.
    50 | D        | Became a worshipper of Sif Muna the Loreminder
    68 | D        | Reached skill level 5 in Ice Magic
   180 | D        | Reached * piety under Sif Muna
   180 | D        | Reached XP level 2. HP: 7/15 MP: 9/9
   518 | D        | Noticed Dowan
   519 | D        | Noticed Duvessa
   533 | D        | Slain by Duvessa

Illustrated notes

Levels and vault maps discovered:
D:        pitsprint [storerooms_1, entrance_room_1, metal_vault_2, armoury_2,
          mini_pit_1, grid_room_1, main_hall_1, silver_pit, the_coven_3,
          the_vestibule_1, steel_vault_1, golden_pit, hallway_of_sentries,
          crystal_vault_6, iron_vault_2, final_vault]

Skill      XL: |  1 |
---------------+----+-----
Dodging        | 3 |  3.7
Ice Magic      | 5 |  5.8
Spellcasting   | 4 |  4.3
Stealth        | |  2.4

Action                   || total
-------------------------++-------
Melee: Quarterstaff      ||    23
 Cast: Freeze            ||     6
  Use: Potion            ||     4
 Stab: Sleeping          ||     1
       Invisible         ||     3
Armor: Robe              ||     2
Dodge: Dodged            ||    26

Table legend: (Time is in decaauts)
 A = Elapsed time spent in this place.
 B = Non-inter-level travel time spent in this place.
 C = Inter-level travel time spent in this place.
 D = Time resting spent in this place.
 E = Time spent auto-exploring this place.
 F = Levels seen in this place.
 G = Mean time per level.
                   A        B        C        D        E       F      G
               +--------+--------+--------+--------+--------+-----+--------+
         Total |    540 |    540 |      0 |    425 |      0 |   1 |  540.0 |
       Dungeon |    540 |    540 |      0 |    425 |      0 |   1 |  540.0 |
               +--------+--------+--------+--------+--------+-----+--------+

Top non-repeatable levels by time:
       D: 540 daAuts
